 Dungeon Crawl Stone Soup version 0.19.5 (webtiles) character file.

112 equalderp2856 the Skirmisher (level 4, -3/35 HPs)
             Began as a Mummy Fighter on Mar 31, 2017.
             Slain by Natasha (5 damage)
             ... on level 3 of the Dungeon.
             The game lasted 00:06:34 (3307 turns).

equalderp2856 the Skirmisher (Mummy Fighter)        Turns: 3307, Time: 00:06:35

Health: -3/35      AC:  5    Str: 20    XL:     4   Next: 63%
Magic:  4/4        EV:  8    Int:  7    God:
Gold:   53         SH: 10    Dex: 11    Spells: 0 memorised, 3 levels left

rFire  x . .     SeeInvis .     a - +0 long sword
rCold  + . .     Gourm    .     n - +0 ring mail (curse)
rNeg   + + +     Faith    .     c - +1 shield
rPois  ∞         Spirit   .     (no helmet)
rElec  .         Reflect  .     (no cloak)
rCorr  .         Harm     .     (no gloves)
MR     .....                    (no boots)
Stlth  +.........               (no amulet)
                                (no ring)
                                (no ring)

@: slowed, very slow
A: no food or potions, fire vulnerability, cold resistance 1, negative energy
resistance 3, torment resistance, unbreathing
a: no special abilities


You were on level 3 of the Dungeon.
You were not hungry.

You visited 1 branch of the dungeon, and saw 3 of its levels.

You collected 53 gold pieces.

Inventory:

Hand Weapons
 a - a +0 long sword (weapon)
 g - a +0 short sword
 h - a +0 hunting sling
 o - a +0 rapier
Missiles
 d - 15 sling bullets
 e - 63 stones (quivered)
 f - 23 arrows
 j - 2 curare-tipped needles
Armour
 b - a +0 scale mail
 c - a +1 shield (worn)
 m - a cursed +0 shield
 n - a cursed +0 ring mail (worn)
Scrolls
 i - 2 scrolls of identify
 k - a scroll of remove curse


   Skills:
 + Level 3.5 Fighting
 + Level 2.5 Long Blades
 + Level 3.0 Armour
 + Level 0.5 Dodging
 + Level 3.0 Shields


You had 3 spell levels left.
You didn't know any spells.

Dungeon Overview and Level Annotations

Branches:
Dungeon (3/15)

Altars:
Fedhas
Yredelemnul

Annotations:
D:3 Natasha


Innate Abilities, Weirdness & Mutations

You do not eat or drink.
Your flesh is vulnerable to fire.
You are immune to poison.
Your flesh is cold resistant. (rC+)
You are immune to negative energy. (rN+++)
You are immune to unholy pain and torment.
You can survive without breathing.


Message History

* * * LOW HITPOINT WARNING * * *
You see here 3 tomahawks.
Natasha casts a spell.
You block the big kobold's attack.
Natasha casts a spell.
The crimson imp blinks!
You block the big kobold's attack.
Natasha mumbles some strange words.
Natasha shimmers violently.
Natasha casts a spell.
The big kobold hits you with a short sword!
* * * LOW HITPOINT WARNING * * *
The crimson imp sputters.
The big kobold closely misses you.
You riposte.
You miss the big kobold.
The big kobold is lightly wounded.
The white imp shouts, "Flee, thou quaking deado pot-faker!"
The big kobold hits you but does no damage.
The big kobold hits you but does no damage.
Natasha claws you.
You die...

#........%...#
#.#
.######.###..#
#.# #.# #..# #.#
#.# #..## #.#
#.# #...# #.# #.
##..# #.# #..#
#.#
#.####..###.#
#......@....#
######Kh#####
##..#
########.#r#####
........###....#
.####.##.#.###.#
#. ##.h# #. ##r#
# ##.# #5# .##


You could see a big kobold, Natasha and a rat.

Vanquished Creatures
  2 gnolls (D:2)
  2 adders (D:2)
  An ooze (D:2)
  A worm (D:2)
  4 dart slugs
  A leopard gecko (D:3)
  A giant cockroach (D:2)
  8 goblins
  15 hobgoblins
  2 jackals (D:2)
  A ball python (D:2)
  5 bats
  5 frilled lizards
  6 kobolds
  2 rats (D:1)
56 creatures vanquished.

Notes
Turn   | Place    | Note
-------+----------+-------------------------------------------
     0 | D:1      | equalderp2856 the Mummy Fighter began the quest for the Orb.
     0 | D:1      | Reached XP level 1. HP: 18/18 MP: 1/1
    44 | D:1      | Reached XP level 2. HP: 5/24 MP: 2/2
   283 | D:1      | You fall through a shaft!
   288 | D:2      | Found a basalt altar of Yredelemnul.
   822 | D:2      | Reached XP level 3. HP: 23/29 MP: 3/3
  2133 | D:2      | Reached XP level 4. HP: 32/35 MP: 4/4
  2247 | D:2      | Found a blossoming altar of Fedhas.
  3284 | D:3      | Noticed Natasha
  3285 | D:3      | Noticed a big kobold
  3300 | D:3      | HP: 1/35 [big kobold/short sword (7)]
  3307 | D:3      | Slain by Natasha

Skill      XL: |  1  2  3  4 |
---------------+-------------+-----
Long Blades    | 2 |  2.5
Shields        | 3 |  3.0
Armour         | 3 |  3.0
Fighting       | |  3.5
Dodging        | |  0.5

Action                   |  1- 3 |  4- 6 || total
-------------------------+-------+-------++-------
Melee: Long sword        |   140 |    63 ||   203
  Use: Scroll            |       |     2 ||     2
Armor: Scale mail        |    60 |       ||    60
       Ring mail         |     6 |    30 ||    36
Dodge: Dodged            |    48 |    29 ||    77
Block: Shield            |    76 |    54 ||   130
       Rpst.: Long sword |    21 |     9 ||    30
